Fanconnil, chaotic female orcish Barbarian --- --- ---..| --.| -- -----....-- - |%.| --. ..|......| . --.---- |...-- -........|.- |*.|.-- -..... ...... ...| --- |.<...| ......----....|....| --.. --.....| ......|.....|... ...---- --......-- |.............- -...|. -----........| -....%........ |...|.---...........#- ............- --.....--.........^..#- .........-- --- |.............--......| --........-- --.--- --...........--|.....#| |%.........-- ---....-- --..........| ---....| ---.G.d.......---...)...-- |.........-| ---.#- |......@..........>......| ----.......| --# -.|.....................--------.......| # --........................%.........-- # |..|.|.|..---.------------------.--- #[ ----------- --- --- #`) Fanconnil the Bandit Experience level: 6 Strength: 18 Dexterity: 18 Constitution: 18 Intelligence: 7 Wisdom: 7 Charisma: 7 Health: 0(58) Energy: 7(7) Def: 7 Gold: 336 Moves: 2648 Dungeon seed: tlQkUvbfw-UgNW9e Game ID: Fanconnil_1445001023 Your Inventory: Coins $ - 336 gold pieces Amulets P - an uncursed amulet versus poison (being worn) Weapons g - a +0 orcish dagger l - a +1 spear p - 6 cursed -1 darts u - a blessed +0 dagger v - 3 cursed +0 darts x - 22 +0 arrows A - a +0 bow B - 5 +0 darts G - 2 poisoned +0 darts I - 4 +0 daggers J - a blessed +1 dart L - a +0 aklys R - a blessed +0 dwarvish mattock (weapon in hands) S - a +0 dwarvish short sword Armor e - an uncursed +0 orcish ring mail (being worn) T - an uncursed +1 dwarvish iron helm (being worn) U - a cursed +0 pair of iron shoes (being worn) Y - an uncursed +0 dwarvish cloak (being worn) Comestibles c - an uncursed food ration H - an uncursed tripe ration Scrolls i - an uncursed scroll of scare monster V - an uncursed scroll of identify Wands h - a wand of light (0:11) k - a wand of opening (0:0) Q - a wand of magic missile (0:6) Tools D - a +0 pick-axe O - a cursed tallow candle (0:200) Gems n - an uncursed worthless piece of yellow glass q - an uncursed agate stone r - 2 uncursed worthless pieces of red glass Spells and supernatural/magical abilities: Name Level Category Fail Memory W - pray for help -- divine ? -- Your skills at the end: Miscellaneous Skills bare handed combat [Basic] Weapon Skills axe [Basic] short sword [Basic] Spellcasting Skills Final Attributes: You were devoutly aligned. You were poison resistant. You had infravision. You are dead. Vanquished creatures: a gnome king a bugbear 3 gnome lords 3 kittens 5 dwarves a kobold lord 2 iguanas a monkey a gas spore a hobbit an acid blob 2 large kobolds 2 geckos a green mold 13 gnomes 8 jackals a fox a kobold 4 newts 2 goblins 4 grid bugs a bat 3 lichens a kobold zombie 63 creatures vanquished. Voluntary challenges: You were an atheist. You used a wielded weapon 62 times, starting on turn 180. You did not apply a unicorn horn. You read items or engraved 7 times, starting on turn 687. You never genocided any monsters. You never polymorphed an object. You never changed form. You used no wishes. You never split a pudding. You wrote Elbereth's name 4 times, starting on turn 687. You violated your moral code, losing 6 points of alignment, starting on turn 2188. Dungeon overview: The Dungeons of Doom: levels 1 to 4 Level 1 a long staircase Level 2 stairs to The Gnomish Mines Level 3 Level 4 The Gnomish Mines: levels 3 to 4 Level 3 stairs to The Dungeons of Doom Level 4 <- You were here History has recorded: On T:1 you entered the Dungeons of Doom to retrieve the Amulet of Yendor! On T:671 you reached level 2 of The Dungeons of Doom. On T:735 you advanced to experience level 2. On T:814 you reached level 3 of The Dungeons of Doom. On T:1006 you reached level 4 of The Dungeons of Doom. On T:1201 you advanced to experience level 3. On T:1378 you reached level 1 of The Gnomish Mines. On T:1462 you advanced to experience level 4. On T:2188 you advanced to experience level 5. On T:2428 you reached level 2 of The Gnomish Mines. On T:2603 you advanced to experience level 6. Score breakdown: Gold: 336 ( 33 points) Experience: 6 levels ( 500 points) Exploration: 4 levels ( 90 points) Discoveries: 4 items ( 200 points) Variety of kills: 24 monsters ( 1200 points) Major goal: (nothing yet) ( 0 points) Survival: died (score multiplied by 3) Total score: 6069 Latest messages: The large kobold misses. The dog bites! You die... Final status: Goodbye Fanconnil the Barbarian, killed by a dog... You died in The Gnomish Mines on dungeon level 4 with 6069 points, and 336 pieces of gold, after 2648 moves. You were level 6 with a maximum of 58 hit points when you died.